 Dungeon Crawl Stone Soup version 0.32-a0-815-g315f82d515 (webtiles) character file.

Game seed: 12728446396298917132

1574313 NormalPerson7 the Slayer (level 27, 222/222 HPs)
             Began as a Coglin Monk on Mar 23, 2024.
             Was a High Priest of Trog.
             Escaped with the Orb
             ... and 3 runes!
             The game lasted 03:35:22 (77954 turns).

NormalPerson7 the Slayer (Coglin Monk)             Turns: 77954, Time: 03:35:22

Health: 222/222    AC: 35    Str: 23 (25) XL:     27
Magic:  6/6        EV: 18    Int:  4 (8)  God:    Trog [*****.]
Gold:   4884       SH:  0    Dex: 19 (20) Spells: 26/26 levels left

rFire   + + .        W - +9 broad axe (antimagic) {Somchai}
rCold   + . .        J - +9 broad axe (heavy) {Chun}
rNeg    . . .        C - +5 plate armour of the Armoured One {-Cast rF++ rC+ rCorr}
rPois   +            Y - +2 helmet {SInv}
rElec   .            s - +1 cloak {rPois}
rCorr   +            I - +2 pair of gloves {Str+3}
SInv    +            H - +2 pair of boots {Fly}
Will    ++++.        (amulet unavailable) Stlth
                     (ring unavailable)
HPRegen 0.57/turn    (ring unavailable)
MPRegen 0.10/turn    y - neodymium compensator {Gadgeteer, rC+ Will+}

%: no spellcasting
@: flying
A: off-hand wielding, slow wielding, warmup strikes, no jewellery, fangs 1,
deformed body, dopey 1, frail 1, low MP 1, strong-willed 1, cold vulnerability
1, subdued magic 1, inability to drink after injury 1, inability to read after
injury 1, MP-powered wands
0: Orb of Zot
}: 3/15 runes: decaying, silver, gossamer
a: Renounce Religion, Berserk, Trog's Hand, Brothers in Arms


You escaped.
You worshipped Trog.
Trog was extremely pleased with you.
You visited 10 branches of the dungeon, and saw 48 of its levels.
You visited the Abyss 1 time.
You visited 1 bazaar.
You also visited: Trove, Gauntlet, Wizlab and Desolation.

You collected 9587 gold pieces.
You spent 4703 gold pieces at shops.

Inventory:

Hand Weapons
 o - the +10 war axe of the Wraith {freeze, rPois Int+4}
   (You acquired it on level 14 of the Dungeon)

   Int+4:     It affects your intelligence (+4).
   rPois:     It protects you from poison.
 J - a +9 heavy broad axe (offhand) {Chun}
 W - a +9 antimagic broad axe (weapon) {Somchai}
Missiles
 u - 421 stones (quivered)
 w - 5 curare-tipped darts
Armour
 s - a +1 cloak of poison resistance (worn)
 C - the +5 plate armour of the Armoured One (worn) {-Cast rF++ rC+ rCorr}
   (You found it on level 1 of the Vaults)

   rF++:      It greatly protects you from fire.
   rC+:       It protects you from cold.
   -Cast:     It prevents spellcasting.
   rCorr:     It protects you from acid and corrosion.
 H - a +2 pair of boots of flying (worn)
 I - a +2 pair of gloves of strength (worn)
 R - the +5 cloak of Free Will {rElec rF- Int+4 SInv}
   (You bought it in a shop on level 1 of the Vaults)

   Int+4:     It affects your intelligence (+4).
   rF-:       It makes you vulnerable to fire.
   rElec:     It insulates you from electricity.
   SInv:      It lets you see invisible.
 Y - a +2 helmet of see invisible (worn)
Gizmo
 y - a neodymium compensator (installed) {Gadgeteer, rC+ Will+}
   (You invented it yourself on level 4 of the Lair of Beasts)

   [neodymium compensator]

   Gadgeteer: Your evocable items recharge 30% faster and wands have a 30%
   chance to not spend a charge.
   rC+:       It protects you from cold.
   Will+:     It increases your willpower.
Wands
 m - a wand of polymorph (20)
 B - a wand of charming (62)
 G - a wand of acid (26)
 K - a wand of flame (14)
 P - a wand of digging (19)
 S - a wand of iceblast (48)
 V - a wand of mindburst (12)
Scrolls
 a - 4 scrolls of summoning {!r}
 g - 4 scrolls of fog
 q - 11 scrolls of vulnerability
 t - 18 scrolls of teleportation
 v - 4 scrolls of immolation
 x - 3 scrolls of blinking
 A - 5 scrolls of torment
 F - 5 scrolls of noise
 N - 10 scrolls of poison
 Q - 11 scrolls of fear
 U - a scroll of silence
Potions
 c - 18 potions of curing
 d - 2 potions of invisibility
 f - 7 potions of haste
 h - 3 potions of heal wounds
 i - 2 potions of resistance
 k - 6 potions of magic
 l - 5 potions of cancellation
 n - 12 potions of ambrosia
 p - 6 potions of attraction
 D - 8 potions of lignification
 E - 9 potions of enlightenment
 L - 4 potions of might
 T - a potion of mutation
 Z - 6 potions of berserk rage
Miscellaneous
 b - a lightning rod (4/4)
 e - a phial of floods
 r - a box of beasts
 z - a phantom mirror
 M - a tin of tremorstones (2/2)


   Skills:
 + Level 26.8 Fighting
 - Level 3.0 Long Blades
 - Level 21.4(22.0) Axes
 - Level 8.0(15.1) Maces & Flails
 - Level 2.0(13.2) Polearms
 + Level 23.1 Armour
 + Level 19.9 Dodging
 - Level 17.0 Evocations


You had 26 spell levels left.
You didn't know any spells.
Your spell library contained the following spells:

 Spells                   Type           Power      Damage    Failure   Level
 Kiss of Death            Conj/Necr      0%         2d5       94%         1
 Magic Dart               Conj           0%         1d3       94%         1
 Shock                    Conj/Air       0%         1d3       94%         1
 Blink                    Tloc           0%         N/A       98%         2
 Call Imp                 Summ           0%         N/A       98%         2
 Cigotuvi's Dreadful Rot  Necr/Alch/Air  0%         N/A       98%         2
 Ensorcelled Hibernation  Hex/Ice        0%         N/A       98%         2
 Lesser Beckoning         Tloc           0%         N/A       98%         2
 Momentum Strike          Conj/Tloc      0%         3d8       98%         2
 Searing Ray              Conj           0%         2d4       98%         2
 Sublimation of Blood     Necr           0%         N/A       98%         2
 Mephitic Cloud           Conj/Alch/Air  0%         N/A       100%        3
 Passwall                 Erth           0%         N/A       100%        3
 Summon Ice Beast         Ice/Summ       0%         N/A       100%        3
 Swiftness                Air            0%         N/A       100%        3
 Tukima's Dance           Hex            0%         N/A       100%        3
 Airstrike                Air            0%         2d(0-16)  100%        4
 Fulminant Prism          Conj/Alch      0%         3d5       100%        4
 Ignite Poison            Fire/Alch      0%         N/A       100%        4
 Passage of Golubria      Tloc           0%         N/A       100%        4
 Petrify                  Alch/Erth      0%         N/A       100%        4
 Summon Lightning Spire   Summ/Air       0%         N/A       100%        4
 Curse of Agony           Necr           0%         N/A       100%        5
 Freezing Cloud           Conj/Ice/Air   0%         6-21      100%        5
 Irradiate                Conj/Alch      0%         3d11      100%        5
 Yara's Violent Unravell  Hex/Alch       0%         3d3       100%        5
 Malign Gateway           Summ/Tloc      0%         N/A       100%        7
 Infestation              Necr           0%         N/A       100%        8


Dungeon Overview and Level Annotations

Branches:
Dungeon (15/15)            Temple (1/1) D:5            Lair (5/5) D:8
  Swamp (4/4) Lair:2       Spider (4/4) Lair:3        Slime (0/5) Lair:4
    Orc (2/2) D:11            Elf (3/3) Orc:2        Vaults (5/5) D:14
  Crypt (0/3) Vaults:2     Depths (4/4) D:15            Zot (5/5) Depths:4
 WizLab (visited)         Desolation (visited)      Gauntlet (visited)

Altars:
Ashenzari
Cheibriados
Dithmenos
Elyvilon
Fedhas
Gozag
Hepliaklqana
Kikubaaqudgha
Makhleb
Nemelex Xobeh
Okawaru
Qazlal
Ru
Sif Muna
Trog
Uskayaw
Vehumet
Wu Jian
Xom
Yredelemnul
Zin
The Shining One
Jiyva

Shops:
D:10 (   D:11 ([   Orc:1 :   Orc:2 *[:!!   Elf:2 =:=(   Elf:3 (   Vaults:1 [
Vaults:5 ?!=[

Portals:
Hell: Depths:1 Depths:2 Depths:4
Abyss: Depths:3 Depths:4
Pandemonium: Orc:2 Depths:2 Depths:3
Ziggurat: Depths:2

Annotations:
D:7 2 transporters
Zot:1 3 runed translucent doors, exclusion: 4 doors, Macvoosm's ghost, legendary KoDe


Innate Abilities, Weirdness & Mutations

You can wield a second weapon in your off-hand.
It takes a long time for you to wield or remove held weapons.
Your first few attacks do less damage.
You cannot equip rings or amulets.
You have very sharp teeth.
Armour fits poorly on your strangely shaped body.
You are dopey. (Int -2)
You are frail. (-10% HP)
Your magical capacity is low. (-10% MP)
You are strong-willed. (Will+)
You are vulnerable to cold. (rC-)
Your spells are a little easier to cast, but a little less powerful.
You occasionally lose the ability to drink potions when taking damage.
You occasionally lose the ability to read scrolls when taking damage.
You expend magic power (3 MP) to strengthen your wands.


Message History

You fly upwards.
There is a stone staircase leading down here.
(D) Dungeon (T) Temple (L) Lair (S) Swamp (N) Spider Nest (M) Slime Pits (O) Orcish Mines (E) Elven Halls (V) Vaults (C) Crypt (U) Depths (H) Hell (Z) Zot
Where to? (Tab/Enter - D:1 @ (x,y), ? - help)
A ynoxinul comes into view.
The ynoxinul gestures.
A shadow demon and 2 demonspawn corrupters come into view.
There is a stone staircase leading up here.
The shadow demon gives a loud, deep croak!
The demonspawn corrupter shouts!
The ynoxinul gestures.
The ufetubus slips past you! The ufetubus closely misses you.
The ufetubus barely misses you.
You fly upwards.
There is a stone staircase leading down here.
(D) Dungeon (T) Temple (L) Lair (S) Swamp (N) Spider Nest (M) Slime Pits (O) Orcish Mines (E) Elven Halls (V) Vaults (C) Crypt (U) Depths (H) Hell (Z) Zot
Where to? (Tab/Enter - D:1 @ (x,y), ? - help)
There is a stone staircase leading up here.
HP restored.
You fly upwards.
There is a stone staircase leading down here.
There is an open door here.
A chaos spawn comes into view.
The chaos spawn misses you.
You slice the chaos spawn with your +9 heavy broad axe!!
The chaos spawn is severely wounded.
You hit the chaos spawn with your +9 antimagic broad axe.
The chaos spawn trunk-slaps you but does no damage.
You chop the chaos spawn into pieces with your +9 antimagic broad axe!!!
You kill the chaos spawn!
Trog accepts your kill.
The chaos spawn degenerates into a cloud of primal chaos!
There is a staircase leading out of the dungeon here.
You have escaped!

..###..######## ########..####..
..#...#+......####......'#.######
..#.###........##........#.....##
..'.# #...##...##...##...#####...
..### #..####..##..####..# ###†
..# #..####..##..####..# #. #.#
#...##...##...##...# #. #.##
#..................# #. #..#
##........@.......## #. ##.#
######..##..###### #. #.#
######..##..###### ## #.#
##................## # #.#
#..................# # #.#
#...##...##...##...# # #.##
#..####..##..####..# # #..#
#..####..##..####..# ## ##.#
#...##...##...##...# ####.


There were no monsters in sight!

Vanquished Creatures
  5 dread liches
  Frederick (Vaults:3)
  2 ancient liches
  8 orbs of fire
  Sojobo (Vaults:4)
  Boris (Depths:3)
  Vv (Zot:1)
  7 Killer Klowns
  the Lernaean hydra (Swamp:4)
  2 antique champions (WizLab)
  2 curse toes
  7 golden dragons
  2 bone dragons
  Arachne (Spider:4)
  3 electric golems
  17 tentacled monstrosities
  A walking crystal tome (Depths:4)
  Rupert (D:14)
  25 Orb Guardians (Zot:5)
  A walking frostbound tome (Depths:2)
  3 deep elf blademasters
  6 titans
  6 liches
  8 quicksilver dragons
  2 walking divine tomes (Depths:2)
  4 sphinxes
  4 tentacled starspawn (Abyss:3)
  2 deep elf master archers (Elf:3)
  8 death cobs
  Frances (Swamp:1)
  An ancient champion (WizLab)
  11 storm dragons
  Kirke (Lair:3)
  10 tengu reavers
  7 shadow dragons
  A thorn hunter (Swamp:2)
  6 draconian knights
  Donald (Spider:2)
  3 protean progenitors
  7 draconian monks
  2 imperial myrmidons (Desolation)
  5 draconian shifters
  7 frost giants
  Louise (D:14)
  23 vault wardens
  9 emperor scorpions
  7 fire giants
  6 ghost moths
  3 deep elf sorcerers
  3 draconian scorchers
  3 draconian stormcallers
  2 deep elf elementalists (Elf:3)
  A cacodemon (D:4)
  3 ghouls (WizLab)
  19 ironbound preservers
  3 broodmothers (Spider:2)
  6 draconian annihilators
  8 very ugly things
  2 formless jellyfish
  7 ironbound thunderhulks
  5 eleionomae
  14 stone giants
  The ghost of Necromancer21 the Nimble, a journeyman OpBr of Okawaru (Lair:5)
  A lorocyproca (Depths:3)
  4 deep elf death magi
  5 green draconians
  4 deep elf demonologists (Elf:3)
  5 deep elf annihilators
  13 red draconians
  6 black draconians
  8 yellow draconians
  7 white draconians
  12 dire elephants
  4 bunyips
  3 war gargoyles
  2 spark wasps
  A minotaur (Gauntlet)
  2 vampire knights
  18 purple draconians
  2 eidola
  3 ettins
  2 blizzard demons
  3 crystal guardians
  11 ragged hierophants (Desolation)
  5 jiangshi (WizLab)
  6 fire dragons
  3 entropy weavers
  4 deep elf high priests
  17 yaktaur captains
  31 vault guards
  6 great orbs of eyes
  9 ice dragons
  11 peacekeepers
  4 rakshasas
  2 spriggan air magi
  10 servants of whispers (Desolation)
  A hell beast (Depths:1)
  25 hydras
  4 radroaches
  2 demonspawn (Orc:2)
  22 centaur warriors
  5 boulder beetles
  4 catoblepae (Lair:5)
  A sphinx skeleton (Vaults:5)
  4 ogre magi
  8 two-headed ogres
  3 alligators
  10 ironbound frosthearts
  4 deep troll shamans
  8 death scarabs (Spider:4)
  29 dancing weapons
  7 thrashing horrors (Abyss:3)
  A vampire mage (Vaults:2)
  5 deep troll earth magi
  12 death yaks
  A hell hog (Depths:1)
  5 jorogumos
  9 orc high priests
  4 tengu warriors
  18 demonic crawlers
  An occultist (Depths:1)
  2 hell knights
  3 soul eaters
  Sonja (D:10)
  4 spriggan berserkers
  Amaemon (D:10)
  14 deep elf knights
  6 skeletal warriors
  A fire crab (Gauntlet)
  A sixfirhy (Abyss:3)
  A skyshark (shapeshifter) (Vaults:5)
  2 shadow wraiths (Vaults:5)
  A golden dragon zombie (WizLab)
  4 pharaoh ants
  10 swamp dragons
  6 goliath frogs
  48 deep trolls
  4 iron trolls
  9 orb spiders
  9 deep elf archers
  14 arcanists
  2 spriggan druids (Swamp:4)
  3 sun moths
  Pikel (D:4)
  A spectral jorogumo (Spider:4)
  An orange crystal statue (Spider:2)
  4 bog bodies
  4 glowing orange brains
  8 lindwurms
  5 thermic dynamos (Elf:1)
  21 ironbound convokers
  20 deep elf pyromancers
  3 phantasmal warriors (Vaults:5)
  A steelbarb worm (shapeshifter) (Depths:2)
  11 harpies
  21 deep elf zephyrmancers
  6 steelbarb worms
  4 necromancers
  7 orc knights
  35 ugly things
  16 wolf spiders
  2 stone giant zombies (WizLab)
  3 orc sorcerers (Orc:2)
  4 will-o-the-wisps
  8 cyclopes
  5 manticores
  2 worldbinders (Abyss:3)
  2 human skeletons
  A meliai (shapeshifter) (Abyss:3)
  An apocalypse crab (Abyss:3)
  4 meliai
  25 elephants
  2 black mambas
  17 vault sentinels
  An eye of devastation (Gauntlet)
  27 moths of wrath
  9 guardian serpents
  7 torpor snails
  2 molten gargoyles (Desolation)
  3 orange demons
  Maggie (D:9)
  4 smoke demons
  A gargoyle (D:6)
  2 storm dragon simulacra (WizLab)
  3 spectral redbacks (Spider:4)
  2 kobold demonologists
  5 large abominations (Abyss:3)
  2 rime drakes
  11 cane toads
  3 freezing wraiths
  28 yaktaurs
  2 ancient zymes (Abyss:3)
  8 komodo dragons
  4 tengu conjurers
  2 queen bees (shapeshifter)
  A yaktaur skeleton (Vaults:2)
  12 trolls
  5 redback zombies (Spider:4)
  A troll (shapeshifter) (Elf:3)
  2 bloated husks
  21 tarantellas
  A polar bear (Lair:2)
  10 tyrant leeches
  83 saltlings (Desolation)
  A spectral culicivora (Spider:4)
  2 tarantella zombies (Spider:4)
  3 glass eyes
  4 spectral jumping spiders (Spider:4)
  Prince Ribbit (Lair:1)
  16 raiju
  13 dream sheep
  18 hornets
  A raiju (shapeshifter) (Abyss:3)
  3 spectral tarantellas (Spider:4)
  25 blink frogs
  2 ettin zombies
  46 slime creatures
  27 jumping spiders
  2 centaur simulacra
  3 air elementals
  5 water elementals
  A spriggan (shapeshifter) (Elf:3)
  2 wraiths
  15 culicivoras
  27 spriggans
  A shadow (D:12)
  3 vampires
  A ynoxinul (Abyss:3)
  3 wyverns
  8 starcursed masses (Abyss:3)
  65 yaks
  2 fire elementals
  6 hogs (Lair:3)
  2 basilisks
  A warg (Orc:1)
  3 fire bats (Gauntlet)
  15 humans
  A steam dragon (D:8)
  A yaktaur simulacrum (Vaults:2)
  42 redbacks
  5 vampire mosquitoes
  4 chaos spawn
  A neqoxec (Orc:2)
  An ogre zombie (Vaults:5)
  6 small abominations (Abyss:3)
  A naga (Abyss:3)
  13 water moccasins
  20 swamp worms
  An acid dragon (D:9)
  An ogre skeleton (Vaults:2)
  A two-headed ogre skeleton (WizLab)
  Duvessa (D:6)
  A hornet zombie (D:5)
  37 orc warriors
  A sky beast (D:8)
  8 swamp drakes
  An ice beast (Abyss:3)
  7 black bears
  8 ogres
  5 boggarts (Vaults:1)
  11 laughing skulls (Abyss:3)
  11 centaurs
  An ettin simulacrum (WizLab)
  12 wolves
  4 phantoms
  A swamp dragon skeleton (WizLab)
  2 weeping skulls (Abyss:3)
  11 bullfrogs
  4 kobold brigands
  Blork the orc (D:4)
  3 brain worms (Abyss:3)
  2 water moccasin zombies (D:5)
  An earth elemental (Elf:2)
  7 wights
  2 deep troll simulacra
  3 scorpions
  A cyclops skeleton (WizLab)
  A two-headed ogre simulacrum (WizLab)
  2 water moccasin skeletons (D:5)
  7 killer bees (D:9)
  Dowan (D:6)
  An electric eel (Lair:1)
  2 bullfrog zombies (D:5)
  12 jellies (Lair:4)
  27 orc priests
  2 bombardier beetles
  A gnoll bouda (D:6)
  3 hounds
  2 bullfrog skeletons (D:5)
  2 centaur skeletons (D:5)
  An iron imp (Abyss:3)
  A sleepcap (D:6)
  4 iguanas
  20 orc wizards
  A scorpion zombie (D:5)
  4 hell rats (Lair:3)
  A killer bee zombie (D:5)
  A hound skeleton (D:5)
  8 gnolls
  3 adders
  3 shadow imps
  4 white imps
  2 ufetubi (Abyss:3)
  An adder skeleton (D:5)
  3 ribbon worms
  6 dart slugs
  60 orcs
  4 ball pythons
  7 bats
  5 endoplasms
  6 giant cockroaches
  3 goblins
  9 hobgoblins
  6 jackals
  36 kobolds
  3 quokkas
  A frilled lizard (D:3)
  4 rats
  An aspiring flesh (Zot:1)
  3 starspawn tentacles (Abyss:3)
2237 creatures vanquished.

Vanquished Creatures (collateral kills)
  Bai Suzhen (Spider:4)
  A tentacled monstrosity (Zot:1)
  2 storm dragons (Vaults:5)
  A vault warden (Vaults:5)
  An eleionoma (Lair:2)
  A demonic crawler (Spider:2)
  A komodo dragon (Lair:2)
  A freezing wraith (Vaults:5)
  A tarantella (Spider:2)
  2 redbacks (Spider:2)
12 creatures vanquished.

Vanquished Creatures (others)
  An iron dragon (Vaults:5)
  A spark wasp (Spider:2)
  An alligator (Swamp:1)
  A wolf spider (Spider:2)
  A cane toad (Lair:1)
  A yaktaur (Vaults:5)
  3 bloated husks
  A raiju (Swamp:4)
  An orc (Elf:3)
  10 foxfires
  8 starspawn tentacles (Abyss:3)
29 creatures vanquished.

Grand Total: 2278 creatures vanquished

Notes
Turn   | Place    | Note
-------+----------+-------------------------------------------
     0 | D:1      | NormalPerson7 the Coglin Monk began the quest for the Orb.
     0 | D:1      | Reached XP level 1. HP: 18/18 MP: 1/1
   237 | D:1      | Found a faded altar of an unknown god.
   254 | D:1      | Reached XP level 2. HP: 24/24 MP: 2/2
   511 | D:1      | Reached skill level 4 in Fighting
   556 | D:1      | Reached XP level 3. HP: 30/30 MP: 3/3
  1827 | D:3      | Found a glowing silver altar of Zin.
  1964 | D:3      | Reached XP level 4. HP: 38/38 MP: 4/4
  2117 | D:3      | Found a bloodstained altar of Trog.
  2127 | D:3      | Became a worshipper of Trog the Wrathful
  2127 | D:3      | Reached * piety under Trog
  2127 | D:3      | Reached ** piety under Trog
  2464 | D:3      | Reached skill level 5 in Fighting
  2464 | D:3      | Reached skill level 1 in Armour
  2642 | D:3      | Reached XP level 5. HP: 43/44 MP: 5/5
  2896 | D:4      | Noticed Pikel
  2896 | D:4      | Noticed a lemure
  2896 | D:4      | Noticed a lemure
  2932 | D:4      | Killed Pikel
  2933 | D:4      | Reached skill level 6 in Fighting
  2933 | D:4      | Reached XP level 6. HP: 53/53 MP: 6/6
  2933 | D:4      | Reached XP level 7. HP: 59/59 MP: 7/7
  3069 | D:4      | Reached skill level 7 in Fighting
  3615 | D:4      | Noticed Blork the orc
  3623 | D:4      | Killed Blork the orc
  3798 | D:4      | Found a shimmering blue altar of Sif Muna.
  4036 | D:5      | Entered Level 5 of the Dungeon
  4072 | D:5      | Reached XP level 8. HP: 64/67 MP: 8/8
  4441 | D:5      | Found a staircase to the Ecumenical Temple.
  4449 | Temple   | Entered the Ecumenical Temple
  4484 | D:5      | Reached skill level 8 in Fighting
  4557 | D:5      | Reached skill level 5 in Maces & Flails
  4573 | D:5      | Reached XP level 9. HP: 74/74 MP: 9/9
  5182 | D:5      | Found an ornate altar of the Wu Jian Council.
  5182 | D:5      | Found a sacrificial altar of Ru.
  5669 | D:6      | Noticed Dowan
  5702 | D:6      | Killed Dowan
  5717 | D:6      | Found a stormy altar of Qazlal.
  5809 | D:6      | Noticed a gargoyle
  5823 | D:6      | Killed a gargoyle
  6045 | D:6      | Noticed Duvessa
  6052 | D:6      | Killed Duvessa
  6262 | D:6      | Reached XP level 10. HP: 75/80 MP: 10/10
  6512 | D:7      | Reached *** piety under Trog
  6551 | D:7      | Found a transporter.
  6553 | D:7      | Found a white marble altar of Elyvilon.
  6554 | D:7      | Found a transporter.
  6698 | D:7      | Reached skill level 5 in Armour
  7551 | D:8      | Found a staircase to the Lair.
  7642 | D:8      | Reached skill level 9 in Fighting
  7697 | D:8      | Identified the +4 plate armour of Moral Flaws {+Blink rN+}
  7775 | D:8      | Found a basalt altar of Yredelemnul.
  7777 | D:8      | Found a sparkling altar of Nemelex Xobeh.
  8456 | D:9      | Found a shadowy altar of Dithmenos.
  8459 | D:9      | Found a hazy altar of Hepliaklqana.
  8562 | D:9      | Reached skill level 1 in Axes
  8714 | D:9      | Reached **** piety under Trog
  8852 | D:9      | Found a glowing golden altar of the Shining One.
  8921 | D:9      | Noticed Maggie
  8945 | D:9      | Killed Maggie
  8946 | D:9      | Reached skill level 5 in Axes
  9556 | D:10     | Entered Level 10 of the Dungeon
  9556 | D:10     | Noticed Amaemon
  9556 | D:10     | Noticed an orange demon
  9556 | D:10     | Found Otogisoe's Antique Weapon Boutique.
  9562 | D:9      | Killed an orange demon
  9563 | D:9      | Reached XP level 11. HP: 89/89 MP: 11/11
  9642 | D:10     | Killed Amaemon
  9786 | D:10     | Noticed a two-headed ogre
  9793 | D:10     | Killed a two-headed ogre
 10082 | D:10     | Noticed a green ugly thing
 10084 | D:10     | Noticed Sonja
 10169 | Lair:1   | Entered Level 1 of the Lair of Beasts
 10287 | Lair:1   | Reached skill level 10 in Axes
 10527 | Lair:1   | Noticed Prince Ribbit
 10544 | Lair:1   | Killed Prince Ribbit
 10915 | Lair:1   | Reached XP level 12. HP: 96/96 MP: 12/12
 11913 | Lair:2   | Noticed an eleionoma
 11921 | Lair:2   | Killed an eleionoma
 11940 | Lair:2   | Found a staircase to the Swamp.
 11983 | Lair:2   | Reached skill level 5 in Dodging
 12189 | Lair:2   | Reached skill level 10 in Fighting
 12752 | Lair:2   | Reached skill level 11 in Fighting
 12873 | Lair:3   | Noticed a four-headed hydra
 12896 | Lair:3   | Noticed Kirke
 12911 | Lair:3   | Killed Kirke
 12912 | Lair:3   | Reached XP level 13. HP: 88/106 MP: 13/13
 12972 | Lair:3   | Found a hole to the Spider Nest.
 13718 | Lair:3   | Reached skill level 15 in Axes
 14603 | Lair:4   | Reached ***** piety under Trog
 14969 | Lair:4   | Found a staircase to the Slime Pits.
 14973 | Lair:4   | Found a viscous altar of Jiyva.
 15890 | Lair:5   | Entered Level 5 of the Lair of Beasts
 16082 | Lair:4   | Reached skill level 12 in Fighting
 16187 | Lair:4   | Reached XP level 14. HP: 79/115 MP: 14/14
 16785 | Lair:5   | Found a bloodstained altar of Trog.
 16785 | Lair:5   | Noticed Necromancer21's ghost (journeyman OpBr)
 16793 | Lair:5   | Found a transporter.
 16799 | Lair:5   | Found a transporter.
 16826 | Lair:5   | Reached skill level 13 in Fighting
 17428 | Lair:5   | Identified the +7 morningstar "Cuotexy" {antimagic, Stlth+}
                  | (Trog gifted it to you on level 5 of the Lair of Beasts)
 17428 | Lair:5   | Received a gift from Trog
 17648 | Lair:5   | Reached skill level 10 in Armour
 18781 | Lair:5   | Identified the amulet of the Howling Gods {Faith rF+ rN+
                  | Int+7 Dex-3}
 19419 | D:10     | Reached XP level 15. HP: 110/123 MP: 5/15
 19496 | D:10     | Noticed Psyche
 19615 | D:10     | Psyche changed into Psyche the ribbon worm
 19615 | D:10     | Noticed Psyche
 19622 | D:10     | Killed Psyche the ribbon worm
 19798 | D:10     | Killed Sonja
 20293 | D:11     | Found Hasoog's Armour Shoppe.
 20302 | D:11     | Found a staircase to the Orcish Mines.
 20302 | D:11     | Found Ewi Yrux's Weapon Shoppe.
 20363 | Orc:1    | Entered Level 1 of the Orcish Mines
 20493 | Orc:1    | Reached ****** piety under Trog
 20687 | Orc:2    | Entered Level 2 of the Orcish Mines
 20691 | Orc:2    | Received a gift from Trog
 20722 | Orc:2    | Found a gate leading to a gauntlet.
 20748 | Gauntlet | Entered a Gauntlet
 20748 | Gauntlet | Found a transporter.
 20748 | Gauntlet | Found a transporter.
 20749 | Gauntlet | Found a transporter.
 20750 | Gauntlet | Found a transporter.
 20750 | Gauntlet | Found a transporter.
 20753 | Gauntlet | Found a transporter.
 20759 | Gauntlet | Found a transporter.
 20761 | Gauntlet | Found a transporter.
 20762 | Gauntlet | Found a transporter.
 20764 | Gauntlet | Found a large runed translucent door.
 20764 | Gauntlet | Found a transporter.
 20765 | Gauntlet | Found a large runed translucent door.
 20766 | Gauntlet | Found a large runed translucent door.
 20766 | Gauntlet | Found a large runed translucent door.
 20766 | Gauntlet | Found a runed translucent door.
 20767 | Gauntlet | Found a large runed translucent door.
 20768 | Gauntlet | Found a large runed translucent door.
 20769 | Gauntlet | Found a large runed translucent door.
 20769 | Gauntlet | Found a large runed translucent door.
 20770 | Gauntlet | Found a runed translucent gate.
 20770 | Gauntlet | Found a runed translucent gate.
 20772 | Gauntlet | Found a transporter.
 20772 | Gauntlet | Found a transporter.
 20779 | Gauntlet | Found a runed translucent gate.
 20779 | Gauntlet | Found a runed translucent door.
 20781 | Gauntlet | Found a large runed translucent door.
 20781 | Gauntlet | Found a large runed translucent door.
 20782 | Gauntlet | Found a large runed translucent door.
 20783 | Gauntlet | Found a large runed translucent door.
 20792 | Gauntlet | Found a large runed translucent door.
 20792 | Gauntlet | Found a large runed translucent door.
 20793 | Gauntlet | Found a large runed translucent door.
 20794 | Gauntlet | Found a large runed translucent door.
 21101 | Gauntlet | Reached skill level 10 in Evocations
 21108 | Gauntlet | Identified the +0 robe of the Equinox {-Cast Slay+3 SInv}
 21249 | Gauntlet | Identified the +0 hat "Taquskis" {rPois Dex+3}
 21762 | Orc:2    | Found Pabbism's General Store.
 21805 | Orc:2    | Found a staircase to the Elven Halls.
 22116 | Orc:1    | Found Goimu's Book Shop.
 22118 | Orc:1    | Found a burning altar of Makhleb.
 22255 | Orc:2    | Found Xeiheci's Distillery.
 22261 | Orc:2    | Found Oratoug's Distillery.
 22931 | Orc:2    | Received a gift from Trog
 23188 | Orc:2    | Found Gutwifia's Antique Armour Shop.
 23188 | Orc:2    | Found Akalok's Book Boutique.
 23189 | Orc:2    | Found a one-way gate leading to the halls of Pandemonium.
 23195 | Orc:2    | Bought a glowing cloak for 240 gold pieces
 25730 | D:14     | Noticed Rupert
 25730 | D:14     | Found a gate to the Vaults.
 25867 | D:14     | Reached XP level 16. HP: 101/130 MP: 5/16
 26137 | D:14     | Received a gift from Trog
 26222 | D:14     | Noticed Louise
 26229 | D:14     | Killed Louise
 26636 | D:14     | Identified a scroll of acquirement
 26639 | D:14     | Acquired the +10 war axe of the Wraith {freeze, rPois
                  | Int+4}
 26933 | D:14     | Killed Rupert
 27107 | D:15     | Entered Level 15 of the Dungeon
 27987 | D:15     | Found a staircase to the Depths.
 28192 | D:15     | Reached skill level 14 in Fighting
 28549 | Lair:5   | Killed Necromancer21's ghost
 28650 | Lair:5   | Acquired a neodymium compensator {Gadgeteer, rC+ Will+}
 28825 | Orc:2    | Bought a potion of haste for 140 gold pieces
 28825 | Orc:2    | Bought a wand of charming (5) for 168 gold pieces
 28825 | Orc:2    | Bought a scroll of teleportation for 42 gold pieces
 28850 | Orc:2    | Bought a potion of curing for 48 gold pieces
 28850 | Orc:2    | Bought a potion of berserk rage for 80 gold pieces
 28850 | Orc:2    | Bought a potion of curing for 48 gold pieces
 28850 | Orc:2    | Bought 2 potions of curing for 96 gold pieces
 28850 | Orc:2    | Bought a potion of resistance for 160 gold pieces
 28850 | Orc:2    | Bought a potion of curing for 48 gold pieces
 28850 | Orc:2    | Bought a potion of enlightenment for 80 gold pieces
 28850 | Orc:2    | Bought a potion of cancellation for 128 gold pieces
 28852 | Orc:2    | Bought a potion of cancellation for 128 gold pieces
 29096 | Spider:1 | Entered Level 1 of the Spider Nest
 29413 | Spider:1 | Reached skill level 15 in Fighting
 29911 | Spider:1 | Reached XP level 17. HP: 103/142 MP: 17/17
 30253 | Spider:2 | Noticed Donald
 30412 | Spider:1 | Reached skill level 16 in Fighting
 31074 | Spider:2 | Killed Donald
 31233 | Spider:2 | Received a gift from Trog
 31494 | Spider:1 | Reached skill level 17 in Fighting
 31850 | Spider:2 | Found a transporter.
 31872 | Spider:2 | Found a transporter.
 33894 | Spider:4 | Entered Level 4 of the Spider Nest
 33894 | Spider:4 | Noticed Arachne
 34147 | Spider:4 | Killed Arachne
 34778 | Spider:4 | Noticed Bai Suzhen
 34785 | Spider:4 | Killed Bai Suzhen
 34786 | Spider:4 | Reached skill level 10 in Dodging
 34786 | Spider:4 | Reached XP level 18. HP: 48/154 MP: 18/18
 35745 | Spider:4 | Received a gift from Trog
 36569 | Spider:4 | Got a gossamer rune of Zot
 36845 | Swamp:1  | Entered Level 1 of the Swamp
 37080 | Swamp:1  | Noticed Frances
 37099 | Swamp:1  | Killed Frances
 37694 | Swamp:2  | Noticed a tentacled monstrosity
 37705 | Swamp:2  | Killed a tentacled monstrosity
 38636 | Swamp:2  | Reached skill level 18 in Fighting
 38943 | Swamp:3  | Received a gift from Trog
 39652 | Swamp:3  | Noticed a tentacled monstrosity
 39668 | Swamp:3  | Killed a tentacled monstrosity
 40124 | Swamp:4  | Entered Level 4 of the Swamp
 40146 | Swamp:4  | Reached XP level 19. HP: 163/164 MP: 19/19
 40846 | Swamp:4  | Reached skill level 19 in Fighting
 41951 | Swamp:4  | Noticed the 27-headed Lernaean hydra
 41961 | Swamp:4  | Killed the 27-headed Lernaean hydra
 42046 | Swamp:4  | Got a decaying rune of Zot
 42402 | Vaults:1 | Entered Level 1 of the Vaults
 42452 | Vaults:1 | Found a crumbling gateway.
 42505 | Desolati | Entered the Desolation of Salt
 42551 | Desolati | Reached skill level 20 in Fighting
 43104 | Desolati | Received a gift from Trog
 43216 | Desolati | Got the Quarto of Haze and Maleficent Deeds
 43224 | Desolati | Identified the staff "Ywyan" {rPois rF+ Fire}
 43586 | Desolati | Identified the ring "Heruis" {rN+ Int+3 Dex+3}
 43597 | Desolati | Identified the +1 ring mail of the Mackerel {rC++ rCorr}
 43602 | Desolati | Identified the +8 orcbow "Lifebane" {drain, rF++ Stlth-}
 43607 | Desolati | Identified the ring "Viazasi" {^Drain rPois rF+ Int+2}
 43893 | Desolati | Reached skill level 15 in Armour
 44023 | Desolati | Reached XP level 20. HP: 165/176 MP: 20/20
 44189 | Desolati | Received a gift from Trog
 44286 | Desolati | Identified the ring of Vavolo {rC+ Str+3}
 44329 | Desolati | Identified the +6 mace of Zaizeru {drain, rF+}
 44641 | Desolati | Identified the amulet of Boavuon {RegenMP+ Int+4 Slay+2}
 44963 | Vaults:1 | Identified the +5 plate armour of the Armoured One {-Cast
                  | rF++ rC+ rCorr}
 45046 | Vaults:1 | Found Rogum's Antique Armour Shop.
 45054 | Vaults:1 | Bought a spiked helmet for 313 gold pieces
 45054 | Vaults:1 | Identified the +1 helmet of Limicana {Rampage rC+ Int+3}
                  | (You bought it in a shop on level 1 of the Vaults)
 45054 | Vaults:1 | Bought a smoking cloak for 313 gold pieces
 45054 | Vaults:1 | Identified the +5 cloak of Free Will {rElec rF- Int+4 SInv}
                  | (You bought it in a shop on level 1 of the Vaults)
 45071 | Vaults:1 | Bought a pair of glowing gloves for 247 gold pieces
 45889 | Vaults:1 | Identified the +9 eveningstar "Agepp" {heavy, Str+4} (Trog
                  | gifted it to you on level 1 of the Vaults)
 45889 | Vaults:1 | Received a gift from Trog
 46321 | Vaults:2 | Found a portal to a secret trove of treasure.
 46370 | Vaults:2 | Found a magical portal.
 46385 | WizLab   | Entered Zonguldrok's Shrine
 47092 | WizLab   | Noticed an antique champion
 47092 | WizLab   | Noticed an antique champion
 47103 | WizLab   | Killed an antique champion
 47112 | WizLab   | Killed an antique champion
 47117 | WizLab   | Identified the +0 tower shield of Loluestra {rN++ Str-2}
 47260 | WizLab   | Identified the +0 plate armour "Ynet" {Int+5 Dex+4}
 47290 | WizLab   | Identified the +1 chain mail of Objectivity {rPois rCorr}
 47356 | WizLab   | Got the Quarto of Necromantic Secrets
 47359 | WizLab   | Got Fer Loju's Secrets of Death
 47368 | WizLab   | Got the Omnibus of Oozing Pus
 47456 | Vaults:2 | You paid a toll of 5 scrolls of fog to enter a treasure
                  | trove
 47457 | Trove    | Entered a treasure trove
 47471 | Trove    | Got the Lessons on the Band
 47473 | Trove    | Identified the +0 robe of the Pits of Slime {^Drain Fly
                  | Dex+6}
 47474 | Trove    | Identified the +0 pair of gloves of Yrukir {Int+2}
 47484 | Trove    | Identified the ring "Plog" {rElec Will+ Str-5 Slay+2 SInv}
 47489 | Trove    | Identified the +4 spear of Xobrakhlu {freeze, rCorr Stlth+}
 47555 | Vaults:2 | Received a gift from Trog
 48101 | Vaults:2 | Reached XP level 21. HP: 183/183 MP: 21/21
 48538 | Vaults:2 | Found a staircase to the Crypt.
 49173 | Vaults:3 | Reached skill level 21 in Fighting
 49206 | Vaults:3 | Received a gift from Trog
 49590 | Vaults:3 | Identified the orb of Zin's Fury {light, rPois Int+2}
 49590 | Vaults:3 | Noticed Frederick
 49609 | Vaults:3 | Killed Frederick
 49917 | Vaults:3 | Noticed a golden dragon
 49925 | Vaults:3 | Killed a golden dragon
 50179 | Vaults:3 | Reached skill level 22 in Fighting
 50403 | Vaults:3 | Received a gift from Trog
 51174 | Vaults:4 | Reached XP level 22. HP: 106/196 MP: 22/22
 51698 | Vaults:4 | Received a gift from Trog
 52252 | Vaults:4 | Noticed a golden dragon
 52264 | Vaults:4 | Killed a golden dragon
 52288 | Vaults:4 | Noticed Sojobo
 52354 | Vaults:4 | Killed Sojobo
 52721 | Elf:1    | Entered Level 1 of the Elven Halls
 53106 | Elf:1    | Received a gift from Trog
 53664 | Elf:2    | Found Lila's Weapon Shoppe.
 53800 | Elf:2    | Found a runed translucent gate.
 53800 | Elf:2    | Found a runed translucent gate.
 53801 | Elf:2    | Found a runed translucent gate.
 54068 | Elf:2    | Found Bownic's Jewellery Shop.
 54068 | Elf:2    | Found Paediysch's Book Emporium.
 54069 | Elf:2    | Found Bicarche's Jewellery Shop.
 54591 | Elf:2    | Reached skill level 23 in Fighting
 55121 | Elf:3    | Entered Level 3 of the Elven Halls
 55400 | Elf:3    | Found Hynutt's Weapon Boutique.
 55692 | Elf:3    | Reached XP level 23. HP: 207/207 MP: 23/23
 56088 | Elf:3    | Reached skill level 15 in Dodging
 56175 | Elf:3    | Received a gift from Trog
 56798 | Elf:3    | Identified the +3 halberd of Gofi Jarph {antimagic, rCorr
                  | Str-2 Dex+3}
 56837 | Elf:3    | Identified the ring "Goigahoa" {rElec rC+ MP+9 Str+2 Int+4}
 56875 | Elf:3    | Identified the +4 plate armour of the Guilds {-Tele Harm
                  | Dex+3 SInv}
 57136 | Elf:3    | Found the +8 storm bow {elec, penet}
 57149 | Elf:3    | Identified the +0 pair of boots "Sodam" {rPois Str-5 Dex+5}
 57405 | Depths:1 | Entered Level 1 of the Depths
 57412 | Depths:1 | Received a gift from Trog
 57509 | Depths:1 | Reached skill level 15 in Evocations
 58185 | Depths:1 | Found a gateway to Hell.
 58782 | Depths:2 | Received a gift from Trog
 59100 | Depths:2 | Identified the +0 ring mail "Fanloyxkos" {Harm rF+ Regen+
                  | Dex+3}
 59153 | Depths:2 | Found a one-way gateway to a ziggurat.
 59340 | Depths:2 | Found a runed translucent door.
 59964 | Depths:3 | Found a one-way gate to the infinite horrors of the Abyss.
 60036 | Depths:3 | Identified the +4 robe of the Minstrel {Str+4}
 60036 | Depths:3 | Noticed Boris
 60054 | Depths:3 | Killed Boris
 60266 | Depths:4 | Entered Level 4 of the Depths
 60408 | Depths:4 | Reached XP level 24. HP: 172/216 MP: 23/23
 60562 | Depths:4 | Found a gate to the Realm of Zot.
 60606 | Depths:4 | Found a flickering gateway to a bazaar.
 60620 | Bazaar   | Entered a bazaar
 60620 | Bazaar   | Found Efrisasch's Magic Scroll Boutique.
 60620 | Bazaar   | Found Peklunel's General Store.
 60620 | Bazaar   | Found Mozxes's Book Shop.
 60620 | Bazaar   | Found Segeib's Antique Armour Shop.
 60620 | Bazaar   | Found Rextaas's Armour Boutique.
 60766 | Bazaar   | Bought a +0 cloak of poison resistance for 136 gold pieces
 60772 | Bazaar   | Bought a scroll of acquirement for 780 gold pieces
 60778 | Bazaar   | Bought a wand of polymorph (2) for 33 gold pieces
 60780 | Bazaar   | Bought a pair of embroidered boots for 157 gold pieces
 60795 | Bazaar   | Bought a scroll of summoning for 142 gold pieces
 60795 | Bazaar   | Bought a scroll of silence for 142 gold pieces
 60795 | Bazaar   | Bought a scroll of blinking for 112 gold pieces
 60795 | Bazaar   | Bought a scroll of revelation for 112 gold pieces
 60818 | Depths:4 | Acquired the +6 broad axe "Ogrebane" {pain, rF+ Int+3}
 61014 | Vaults:2 | Acquired a manual of Axes
 61324 | Depths:4 | Reached skill level 24 in Fighting
 61933 | Vaults:5 | Entered Level 5 of the Vaults
 62492 | Spider:2 | Received a gift from Trog
 63196 | Vaults:5 | Noticed an ancient lich
 63204 | Vaults:5 | Killed an ancient lich
 63612 | Vaults:5 | Noticed a dread lich
 63629 | Vaults:5 | Received a gift from Trog
 63652 | Vaults:5 | Noticed a dread lich
 63958 | Vaults:5 | Identified the staff of Disaster {rC+ Str+3 Int+2 Ice}
 64109 | Vaults:5 | Reached XP level 25. HP: 162/225 MP: 23/23
 64149 | Vaults:5 | Identified the +6 falchion "Acik" {freeze, rElec rPois
                  | rN+++ Str-5}
 64367 | Vaults:5 | Identified the +1 robe of the Accordion {Harm rPois Str+5
                  | Int-2}
 64485 | Vaults:5 | Identified the ring "Lapytt" {Fire ^Contam +Blink rElec
                  | Dex+2}
 64847 | Vaults:5 | Noticed a dread lich
 64862 | Vaults:5 | Killed a dread lich
 64863 | Vaults:5 | Gained mutation: You are clumsy. (Dex -2) [a cacodemon]
 64864 | Vaults:5 | Killed a dread lich
 64985 | Vaults:5 | Found Nechel's Distillery.
 64986 | Vaults:5 | Found Goxi's Antique Armour Shop.
 64989 | Vaults:5 | Found Xadecs's Jewellery Shoppe.
 64996 | Vaults:5 | Bought a potion of heal wounds for 75 gold pieces
 64996 | Vaults:5 | Bought a potion of heal wounds for 75 gold pieces
 64996 | Vaults:5 | Bought a potion of heal wounds for 75 gold pieces
 64996 | Vaults:5 | Bought a potion of cancellation for 120 gold pieces
 64996 | Vaults:5 | Bought a potion of resistance for 150 gold pieces
 64996 | Vaults:5 | Found Zoanob's Magic Scroll Shop.
 65008 | Vaults:5 | Bought a scroll of blinking for 105 gold pieces
 65008 | Vaults:5 | Bought a scroll of enchant weapon for 105 gold pieces
 65008 | Vaults:5 | Bought a scroll of enchant armour for 105 gold pieces
 65131 | Vaults:5 | Killed a dread lich
 65234 | Vaults:5 | Noticed a dread lich
 65241 | Vaults:5 | Killed a dread lich
 65646 | Vaults:5 | Identified the +1 scale mail "Fira" {Will- rCorr Int+3
                  | Dex+3}
 65648 | Vaults:5 | Identified the +6 chain mail "Vifatsacs" {Harm Rampage}
 65692 | Vaults:5 | Got a silver rune of Zot
 65992 | Zot:1    | Entered Level 1 of the Realm of Zot
 66418 | Zot:1    | Noticed Macvoosm's ghost (legendary KoDe)
 66421 | Zot:1    | Found a runed translucent gate.
 66426 | Zot:1    | Found a runed translucent gate.
 66426 | Zot:1    | Found a runed translucent gate.
 66467 | Zot:1    | Reached skill level 25 in Fighting
 66490 | Zot:1    | Noticed Vv
 66734 | Zot:1    | Noticed an orb of fire
 67221 | Zot:1    | Killed Vv
 67733 | Zot:2    | Noticed a Killer Klown
 67737 | Zot:2    | Killed a Killer Klown
 68163 | Zot:2    | Received a gift from Trog
 68980 | Zot:2    | Reached XP level 26. HP: 182/235 MP: 7/23
 69182 | Zot:2    | Noticed an orb of fire
 69191 | Zot:2    | Gained mutation: You are dopey. (Int -2) [an orb of fire]
 69199 | Zot:2    | Killed an orb of fire
 71456 | Zot:4    | Noticed a Killer Klown
 71480 | Zot:4    | Killed a Killer Klown
 71494 | Zot:4    | Identified the +2 war axe of the Fray {heavy, rF+ rCorr}
                  | (Trog gifted it to you on level 4 of the Realm of Zot)
 71494 | Zot:4    | Received a gift from Trog
 72625 | Zot:4    | Noticed an orb of fire
 72629 | Zot:4    | Gained mutation: You occasionally lose the ability to drink
                  | potions when taking damage. [an orb of fire]
 72637 | Zot:4    | Gained mutation: You are weak. (Str -2) [an orb of fire]
 72638 | Zot:4    | Lost mutation: You are dopey. (Int -2) [an orb of fire]
 72642 | Zot:4    | Gained mutation: You are frail. (-10% HP) [an orb of fire]
 72644 | Zot:4    | Gained mutation: Armour fits poorly on your strangely
                  | shaped body. [an orb of fire]
 72645 | Zot:4    | Killed an orb of fire
 72646 | Zot:4    | Lost mutation: You are clumsy. (Dex -2) [potion of
                  | mutation]
 72646 | Zot:4    | Lost mutation: Armour fits poorly on your strangely shaped
                  | body. [potion of mutation]
 72646 | Zot:4    | Lost mutation: You are weak. (Str -2) [potion of mutation]
 72646 | Zot:4    | Gained mutation: You are strong-willed. (Will+) [potion of
                  | mutation]
 72646 | Zot:4    | Gained mutation: You have very sharp teeth. [potion of
                  | mutation]
 72646 | Zot:4    | Gained mutation: You are partially covered in iridescent
                  | scales. (AC +2) [potion of mutation]
 72646 | Zot:4    | Gained mutation: You possess an exceptional clarity of
                  | mind. [potion of mutation]
 72895 | Zot:4    | Identified the +1 ring mail of Hadjma {rF+ rN+ Str+3}
 73171 | Zot:5    | Entered Level 5 of the Realm of Zot
 73964 | Zot:5    | Reached skill level 26 in Fighting
 74006 | Zot:5    | Noticed an orb of fire
 74010 | Zot:5    | Gained mutation: Armour fits poorly on your strangely
                  | shaped body. [an orb of fire]
 74012 | Zot:5    | Gained mutation: You have hidden genetic defects. [an orb
                  | of fire]
 74013 | Zot:5    | Killed an orb of fire
 74273 | Zot:5    | Noticed a Killer Klown
 74361 | Zot:5    | Noticed an orb of fire
 74402 | Zot:5    | Noticed an orb of fire
 74408 | Zot:5    | Noticed an orb of fire
 74415 | Zot:5    | Noticed an orb of fire
 74415 | Zot:5    | Noticed a Killer Klown
 74416 | Zot:5    | Gained mutation: You are dopey. (Int -2) [an orb of fire]
 74418 | Zot:5    | Noticed an orb of fire
 74420 | Zot:5    | Killed an orb of fire
 74420 | Zot:5    | Lost mutation: You possess an exceptional clarity of mind.
                  | [an orb of fire]
 74422 | Zot:5    | Gained mutation: You occasionally lose the ability to read
                  | scrolls when taking damage. [an orb of fire]
 74424 | Zot:5    | Killed an orb of fire
 74747 | Zot:5    | Killed an orb of fire
 74749 | Zot:5    | Gained mutation: You are vulnerable to cold. (rC-) [an orb
                  | of fire]
 74752 | Zot:5    | Noticed a Killer Klown
 74754 | Zot:5    | Killed an orb of fire
 74756 | Zot:5    | Killed a Killer Klown
 74757 | Zot:5    | Reached XP level 27. HP: 112/220 MP: 7/23
 75028 | Zot:5    | Gained mutation: Your magical capacity is low. (-10% MP)
                  | [hidden defects]
 75169 | Zot:5    | Noticed a dread lich
 75179 | Zot:5    | Killed a dread lich
 75179 | Zot:5    | Received a gift from Trog
 75212 | Abyss:3  | Cast into level 3 of the Abyss (Killer Klown)
 75251 | Abyss:3  | Found a corrupted altar of Lugonu.
 75290 | Abyss:3  | Found a corrupted altar of Lugonu.
 75314 | Abyss:3  | Found a corrupted altar of Lugonu.
 75365 | Abyss:3  | Found a corrupted altar of Lugonu.
 75697 | Abyss:3  | Found a corrupted altar of Lugonu.
 75826 | Abyss:3  | Received a gift from Trog
 75832 | Abyss:3  | Gained mutation: You sometimes lose your temper in combat.
                  | [hidden defects]
 75832 | Abyss:3  | Lost mutation: You have hidden genetic defects. [hidden
                  | defects expressed]
 75833 | Abyss:3  | Lost mutation: You are partially covered in iridescent
                  | scales. (AC +2) [potion of mutation]
 75833 | Abyss:3  | Lost mutation: You are frail. (-10% HP) [potion of
                  | mutation]
 75833 | Abyss:3  | Gained mutation: You are frail. (-10% HP) [potion of
                  | mutation]
 75833 | Abyss:3  | Lost mutation: You sometimes lose your temper in combat.
                  | [potion of mutation]
 75833 | Abyss:3  | Gained mutation: You expend magic power (3 MP) to
                  | strengthen your wands. [potion of mutation]
 75857 | Zot:5    | Escaped the Abyss
 76019 | Zot:5    | Noticed an orb of fire
 76024 | Zot:5    | Gained mutation: Your spells are a little easier to cast,
                  | but a little less powerful. [an orb of fire]
 76039 | Zot:5    | Killed an orb of fire
 77070 | Zot:5    | Noticed an ancient lich
 77105 | Zot:5    | Killed an ancient lich
 77410 | Zot:5    | Got the Orb of Zot
 77652 | Depths:1 | Noticed Jodwor the pandemonium lord
 77656 | Depths:1 | Noticed an ancient lich
 77768 | D:8      | Noticed Libua the pandemonium lord
 77954 | D:$      | Escaped with the Orb!

Illustrated notes

Levels and vault maps discovered:
D:1:      minmay_arrival_four_loops, layout_basic,
          hellmonk_ecumenical_altar_heavens_door
D:2:      layout_loops_ring
D:3:      kennysheep_six_static_rooms, layout_basic,
          mainiacjoe_overflow_boulevard, mainiacjoe_overflow_tiny_flanked
D:4:      layout_cave_pods, nicolae_sif_muna_condensation, uniq_pikel,
          uniq_blork_the_orc
D:5:      layout_loops_cross, gammafunk_temple_overflow_wave,
          minmay_temple_entry_trees, serial_undead, serial_undead_a,
          serial_undead_a, serial_undead_d, serial_undead_c, serial_undead_c,
          serial_undead_c
D:6:      layout_loops_ring, lemuel_doored_altar,
          chequers_serial_rivers_micro_c, serial_park_tiny_1, uniq_duvessa
D:7:      layout_loops_cross, elyvilon_altar_4
D:8:      layout_loops_ring, chequers_temple_overflow_statue_of_worship,
          dpeg_oklobed_lair
D:9:      layout_basic, riverfiend_overflow_shadow_ancestor, tso_altar,
          grunt_decor_one_mirror, uniq_maggie
D:10:     layout_gridville, serial_shops, nicolae_shop_pleasant_corner_grove,
          uniq_psyche, uniq_amaemon, uniq_sonja
D:11:     layout_rooms, orc_david_3, nicolae_letterblocks
          [nicolae_letter_subblock, nicolae_letter_subblock,
          nicolae_letter_subblock, nicolae_letter_subblock,
          nicolae_letter_subblock, nicolae_letter_subblock,
          nicolae_letter_subblock, nicolae_letter_subblock,
          nicolae_letter_subblock, nicolae_letter_subblock,
          nicolae_letter_subblock, nicolae_letter_subblock,
          nicolae_letter_subblock, nicolae_letter_subblock,
          nicolae_letter_subblock, nicolae_letter_subblock,
          nicolae_letter_subblock, nicolae_letter_subblock,
          nicolae_letter_subblock, nicolae_letter_subblock,
          nicolae_letter_subblock, nicolae_letter_subblock,
          nicolae_letter_subblock, nicolae_letter_subblock,
          nicolae_letter_subblock]
D:12:     layout_rooms, serial_rivers, chequers_serial_rivers_large_a,
          chequers_serial_rivers_micro_c, chequers_serial_rivers_small_b,
          chequers_serial_rivers_micro_a, chequers_serial_rivers_room_b,
          chequers_serial_rivers_room_b, chequers_serial_rivers_large_b,
          minmay_misc_feat_square
D:13:     layout_basic
D:14:     layout_rooms, david_vaults_3, serial_park_tiny_pond,
          minmay_joined_circles, uniq_louise
D:15:     hangedman_depths_entry_civil_slaughter, layout_irregular_city,
          st_stairs_2
Temple:   hellmonk_temple_beads
Lair:1:   statuecave_lemuel, layout_cave_pods, grunt_megastairs_5,
          uniq_prince_ribbit2
Lair:2:   layout_chaotic_city, alex1729_swamp_entry_worm_eleionoma
Lair:3:   layout_cave_pods, nicolae_spider_entry_orb_guardian, uniq_kirke
Lair:4:   layout_regular_city, minmay_slime_entry_jelly_boxes,
          grunt_forest_small_clearings, cheibrodos_lair_reptile_den
Lair:5:   evilmike_catoblepas_cave, layout_gridlike,
          gammafunk_ghost_wrathful_warriors, serial_bayou_shore_b
Swamp:1:  layout_basic_swamp, nicolae_swamp_some_circles, swamp_pool_1_2,
          nicolae_swamp_decorative_isthmus, uniq_frances
Swamp:2:  layout_basic_swamp, nicolae_swamp_round_clearing, swamp_pool_3,
          nicolae_swamp_no_escape
Swamp:3:  layout_basic_swamp, evilmike_swamp_ruin_house_6,
          nicolae_swamp_trees_clearing, swamp_pool_1_2
Swamp:4:  swamp_old_school, layout_basic_swamp, swamp_pool_1_2,
          beargit_elvish_explorers
Spider:1: layout_cave_pods
Spider:2: gammafunk_sealed_arena, uniq_donald
Spider:3: layout_chambers
Spider:4: floodkiller_spider_rune_tomb, uniq_arachne, uniq_bai_suzhen
Orc:1:    layout_diamond_mine, serial_shops, shop, basic_altar
Orc:2:    pf_orc_diabolical, layout_caves, serial_shops, nicolae_shop_stone,
          gauntlet_entry_generic
Elf:1:    layout_gridlike, minmay_elf_crystal_hexagon
Elf:2:    elven_hall_of_blades_hangedman_original
          [nicolae_blade_entry_antechamber], layout_onion_city, serial_shops,
          shop_statue, nicolae_elf_glass_and_crystal_pillar_1, minmay_shop_grove
Elf:3:    elf_hall_gauntlet_wide, layout_onion_city, serial_shops, shop,
          serial_library_hellmonk_secret_room
Vaults:1: portal_desolation_entry_ruin, v_misc_19,
          nicolae_vaults_offset_grid_hallway_1, nicolae_vaults_cornered_office,
          ontoclasm_vaults_chip, dpeg_vaults_monster_box,
          nicolae_vaults_mitosis, hangedman_vaults_nails,
          nicolae_vaults_six-pack, layout_vaults_big_cross, serial_shops,
          nicolae_square_shop
Vaults:2: mu_enter_wizlab_6, minmay_crypt_entry_simple_statues,
          vaults_mumra_chevron_long, nicolae_vaults_more_shelving_2,
          vaults_mumra_lcd, nicolae_vaults_weapon_check,
          nicolae_vaults_trapezoid_3, vaults_dpeg_encased_lava,
          vaults_room_corners, layout_vaults_omnigrid,
          nicolae_trove_entry_crossroad
Vaults:3: dpeg_vaults_pockets_of_resistance, vaults_room_boxed,
          vaults_mumra_minichess_inversion,
          nicolae_vaults_offset_grid_hallway_2, hangedman_vaults_cutoff,
          nicolae_vaults_oval_intersection, ontoclasm_vaults_eye, v_misc_11,
          nicolae_vaults_diamond_2, nicolae_vaults_little_squares_6,
          layout_vaults_ring, uniq_frederick
Vaults:4: nicolae_vaults_border_crossing, nicolae_vaults_arrows, v_misc_27,
          nicolae_vaults_little_squares_3, nicolae_vaults_tangram_1,
          v_pattern_3, nicolae_vaults_fighting_squares, v_misc_33, v_misc_16,
          hangedman_vaults_nails, hangedman_vaults_corner_blocks,
          nicolae_vaults_offset_grid_hallway_4, layout_vaults_maze_bifur,
          uniq_sojobo
Vaults:5
Depths:1: layout_basic, hellmouth_1, minmay_crystal_water,
          serial_sigils_hangedman_scratch, nicolae_wwwww, nrook_mini_backslash,
          nicolae_figureground_pulse
Depths:2: minmay_the_grid_triangle_9x9_recursive_2
          [minmay_the_grid_triangle_9x9_prize_top_heavy,
          minmay_the_grid_triangle_9x9_negative_grid,
          minmay_the_grid_triangle_9x9_subtriangle,
          minmay_the_grid_triangle_9x9_intruding_spiral], layout_basic,
          enter_ziggurat_a, hangedman_coc_ice_floe,
          kennysheep_decorative_pillar, pan_entry
Depths:3: minmay_tearing_corner, layout_gridlike, grunt_hell_entry_dis_grunt,
          grunt_pan_entry_sceptre, minmay_misc_feat_five, abyss_entry,
          infiniplex_staircase_star, uniq_boris
Depths:4: grunt_crosshair, layout_basic, serial_shops, bzr_entry_lakeside,
          abyss_entry, hell_entry, serial_sigils_hangedman_shear
Zot:1:    layout_gridlike, gammafunk_ghost_split, uniq_vv
Zot:2:    layout_basic, regret_index_zotdec_misc_clamp
Zot:3:    layout_misc_corridors, regret_index_zotdec_tunneler, st_stairs_3
Zot:4:    layout_misc_corridors, regret_index_zotdec_banners
Zot:5:    layout_gridlike

Skill      XL: |  1  2  3  4  5  6  7  8  9 10 11 12 13 14 15 16 17 18 19 20 21 22 23 24 25 26 27 |
---------------+----------------------------------------------------------------------------------+-----
Fighting       | 4 5 6 7 8 9 11 12 13 15 17 18 20 22 23 24 25 26 | 26.8
Armour         | 1 2 3 4 5 8 10 12 14 15 17 18 19 20 21 22 23 | 23.1
Dodging        | 3 5 8 9 10 11 12 13 14 15 16 17 19 | 19.9
Maces & Flails | 2 3 5 7 8 |  8.0
Polearms       | 2 |  2.0
Evocations     | 2 4 7 11 14 17 | 17.0
Axes           | 6 11 13 15 17 19 20 21 | 21.4
Long Blades    | |  3.0

Action                     |  1- 3 |  4- 6 |  7- 9 | 10-12 | 13-15 | 16-18 | 19-21 | 22-24 | 25-27 || total
---------------------------+-------+-------+-------+-------+-------+-------+-------+-------+-------++-------
  Melee: Falchion          |    52 |       |       |       |       |       |       |       |       ||    52
         Whip              |    41 |    15 |   423 |   459 |       |       |       |       |       ||   938
         Spear             |    29 |    23 |       |       |       |       |       |       |       ||    52
         War axe           |       |       |       |   301 |   282 |   685 |   791 |   732 |   218 ||  3009
         Broad axe         |       |       |       |   179 |   794 |   812 |   835 |   779 |  1367 ||  4766
         Morningstar       |       |       |       |       |   491 |    47 |       |       |       ||   538
         Bite              |       |       |       |       |       |       |       |       |    73 ||    73
  Throw: Stone             |     1 |       |       |       |       |     3 |     1 |       |       ||     5
 Invoke: Berserk           |       |     2 |     9 |     8 |    10 |    10 |     5 |     4 |     1 ||    49
         Trog's Hand       |       |       |     1 |     5 |     7 |     8 |     8 |    17 |     6 ||    52
         Brothers in Arms  |       |       |       |     1 |       |     3 |     3 |     3 |     3 ||    13
Ability: Invent Gizmo      |       |       |       |       |       |     1 |       |       |       ||     1
         Evoke Blink       |       |       |       |       |       |     1 |       |       |       ||     1
  Evoke: Wand              |       |       |     2 |     3 |    16 |    24 |     7 |    13 |    17 ||    82
         Tin of tremorston |       |       |       |       |       |       |     1 |     2 |       ||     3
         Lightning rod     |       |       |       |       |       |       |       |       |     4 ||     4
    Use: Scroll            |     2 |       |     9 |     6 |    12 |    12 |     6 |     8 |    20 ||    75
         Potion            |       |       |       |       |       |     2 |     1 |     6 |    17 ||    26
   Stab: Petrifying        |       |       |       |       |     1 |       |       |       |       ||     1
         Distracted        |       |       |       |       |       |       |     1 |       |       ||     1
         Invisible         |       |       |       |       |       |       |       |       |     6 ||     6
 Armour: Chain mail        |    59 |    10 |   107 |       |       |       |       |       |       ||   176
         Plate armour      |       |       |    83 |   503 |   891 |  1127 |   987 |  1015 |  1033 ||  5639
  Dodge: Dodged            |    20 |     3 |    60 |   112 |   311 |   461 |   450 |   502 |   528 ||  2447

Table legend: (Time is in decaauts)
 A = Elapsed time spent in this place.
 B = Non-inter-level travel time spent in this place.
 C = Inter-level travel time spent in this place.
 D = Time resting spent in this place.
 E = Time spent auto-exploring this place.
 F = Levels seen in this place.
 G = Mean time per level.
                   A        B        C        D        E       F      G
               +--------+--------+--------+--------+--------+-----+--------+
         Total |  77923 |  69464 |   8459 |  28355 |  22554 |  54 | 1443.0 |
       Dungeon |  17358 |  14767 |   2591 |   3809 |   5985 |  15 | 1157.2 |
        Temple |      1 |      1 |      0 |      0 |      0 |   1 |    1.0 |
          Lair |  10182 |   8718 |   1464 |   3768 |   3138 |   5 | 2036.4 |
         Swamp |   5358 |   5133 |    225 |   2557 |   1530 |   4 | 1339.5 |
   Spider Nest |   7934 |   7219 |    715 |   3558 |   1848 |   4 | 1983.5 |
  Orcish Mines |   2490 |   1925 |    565 |    755 |    602 |   2 | 1245.0 |
   Elven Halls |   4555 |   4235 |    320 |   1509 |   1197 |   3 | 1518.3 |
        Vaults |  10410 |   9429 |    981 |   3749 |   3486 |   5 | 2082.0 |
        Depths |   4192 |   3405 |    787 |    849 |   1787 |   4 | 1048.0 |
           Zot |  10812 |  10005 |    807 |   5620 |   2472 |   5 | 2162.4 |
         Abyss |    628 |    628 |      0 |    224 |     78 |   1 |  628.0 |
        Bazaar |    196 |    196 |      0 |    135 |      0 |   1 |  196.0 |
         Trove |     41 |     41 |      0 |      0 |      0 |   1 |   41.0 |
        Wizlab |    997 |    997 |      0 |    553 |      0 |   1 |  997.0 |
    Desolation |   2153 |   2153 |      0 |   1069 |    313 |   1 | 2153.0 |
      Gauntlet |    610 |    610 |      0 |    193 |    117 |   1 |  610.0 |
               +--------+--------+--------+--------+--------+-----+--------+

Top non-repeatable levels by time:
  Lair:4: 2976 daAuts
   Zot:2: 2943 daAuts
   Zot:5: 2802 daAuts
Vaults:5: 2696 daAuts
Spider:4: 2391 daAuts
Spider:3: 2378 daAuts
Vaults:3: 2366 daAuts
  Lair:5: 2324 daAuts
   Zot:4: 2251 daAuts
Desolation: 2153 daAuts
 Swamp:4: 2040 daAuts
   Elf:2: 2004 daAuts
  Lair:1: 1951 daAuts
     D:9: 1922 daAuts
Vaults:1: 1843 daAuts
